NYP
HUDSON VALLEY RENEGADES @ MINNESOTA (NYP) TWINS
09/07/2049
 
TOP OF THE 1ST
Hudson Valley Renegades batting - Pitching for Minnesota (NYP) Twins : LHP Bobby Shaw
Pitching: LHP Bobby Shaw
Batting: SHB Chris Lockart 0-0: Ground out 5-3 (Groundball, 5L, EV 100.6 MPH)
Batting: RHB Wan-ling Zhu 0-0: Swinging Strike
0-1: Ball
1-1: Swinging Strike
1-2: Strikes out swinging
Batting: RHB Alex Koral 0-0: Ball
1-0: Ball
2-0: Called Strike
2-1: Ball
3-1: Foul Ball, location: 2F
3-2: Foul Ball, location: 2F
3-2: Strikes out swinging
Top of the 1st over - 0 runs, 0 hits, 0 errors, 0 left on base; Hudson Valley 0 - Minnesota (NYP) 0
BOTTOM OF THE 1ST
Minnesota (NYP) Twins batting - Pitching for Hudson Valley Renegades : RHP Adam Householder
Pitching: RHP Adam Householder
Batting: RHB Caleb Bockmann 0-0: Ground out 6-3 (Groundball, 6, EV 81.2 MPH)
Batting: RHB Fhil Mikrakin 0-0: Ball
1-0: Foul Ball, location: 2F
1-1: Swinging Strike
1-2: Ground out 4-3 (Groundball, 4, EV 86.2 MPH)
Batting: LHB Hector Olvera 0-0: Foul Ball, location: 2F
0-1: Ball
1-1: Foul Ball, location: 2F
1-2: Foul Ball, location: 2F
1-2: Foul Ball, location: 2F
1-2: Strikes out looking
Bottom of the 1st over - 0 runs, 0 hits, 0 errors, 0 left on base; Hudson Valley 0 - Minnesota (NYP) 0
TOP OF THE 2ND
Hudson Valley Renegades batting - Pitching for Minnesota (NYP) Twins : LHP Bobby Shaw
Batting: RHB Joe Hartigan 0-0: Foul Ball, location: 2F
0-1: Ball
1-1: Ball
2-1: Foul Ball, location: 2F
2-2: Strikes out swinging
Batting: RHB Jon Gonzales 0-0: Ball
1-0: Ground out 4-3 (Groundball, 4MD, EV 85.6 MPH)
Batting: RHB Chris Glavin 0-0: Ball
1-0: Called Strike
1-1: Ball
2-1: Ball
3-1: Called Strike
3-2: Ground out 5-3 (Groundball, 56S, EV 91.2 MPH)
Top of the 2nd over - 0 runs, 0 hits, 0 errors, 0 left on base; Hudson Valley 0 - Minnesota (NYP) 0
BOTTOM OF THE 2ND
Minnesota (NYP) Twins batting - Pitching for Hudson Valley Renegades : RHP Adam Householder
Batting: RHB Nate Matson 0-0: Ground out 6-3 (Groundball, 6, EV 93.8 MPH)
Batting: LHB Marvin Shepherd 0-0: Ball
1-0: Called Strike
1-1: Ball
2-1: Foul Ball, location: 2F
2-2: Foul Ball, location: 2F
2-2: Foul Ball, location: 2F
2-2: Ball
3-2: Strikes out swinging, 2-3 out at first.
Batting: RHB Chris Bejarano 0-0: Ball
1-0: Called Strike
1-1: Called Strike
1-2: Ball
2-2: Strikes out swinging
Bottom of the 2nd over - 0 runs, 0 hits, 0 errors, 0 left on base; Hudson Valley 0 - Minnesota (NYP) 0
TOP OF THE 3RD
Hudson Valley Renegades batting - Pitching for Minnesota (NYP) Twins : LHP Bobby Shaw
Batting: LHB Dan Hunt 0-0: SINGLE (Groundball, 6MD, EV 109.4 MPH)
Batting: RHB Jeremy Whitehurst 0-0: Called Strike
0-1: Ball
1-1: Fielders Choice at 2nd, 2-4 (Groundball, 2L, EV 69.4 MPH)
Batting: LHB Sean Boenig 0-0: Swinging Strike
0-1: Ball
1-1: Ball
2-1: Ball
3-1: Base on Balls
Jeremy Whitehurst to second
Batting: SHB Chris Lockart 0-0: Called Strike
0-1: Called Strike
0-2: Foul Ball, location: 2F
0-2: Ball
1-2: Foul Ball, location: 2F
1-2: Grounds into double play, 6-4-3 (Groundball, 6M, EV 80.6 MPH)
Top of the 3rd over - 0 runs, 1 hit, 0 errors, 1 left on base; Hudson Valley 0 - Minnesota (NYP) 0
BOTTOM OF THE 3RD
Minnesota (NYP) Twins batting - Pitching for Hudson Valley Renegades : RHP Adam Householder
Batting: LHB Ben Roth 0-0: Ball
1-0: SINGLE (Line Drive, 8LS, EV 105.6 MPH)
Batting: RHB Fernando Bravo 0-0: Ball
1-0: Called Strike
1-1: Ball
2-1: Foul Ball, location: 2F
2-2: Strikes out swinging
Batting: LHB Jose Hilario 0-0: Called Strike
0-1: Fly out, F9 (Flyball, 89M, EV 80.0 MPH)
Batting: RHB Caleb Bockmann 0-0: Foul Ball, location: 2F
0-1: Called Strike
0-2: Strikes out swinging
Bottom of the 3rd over - 0 runs, 1 hit, 0 errors, 1 left on base; Hudson Valley 0 - Minnesota (NYP) 0
TOP OF THE 4TH
Hudson Valley Renegades batting - Pitching for Minnesota (NYP) Twins : LHP Bobby Shaw
Batting: RHB Wan-ling Zhu 0-0: Fly out, F3 (Popup, 3SF, EV 81.9 MPH)
Batting: RHB Alex Koral 0-0: Ball
1-0: Called Strike
1-1: Called Strike
1-2: Strikes out swinging
Batting: RHB Joe Hartigan 0-0: Ball
1-0: Ground out 6-3 (Groundball, 6, EV 80.6 MPH)
Top of the 4th over - 0 runs, 0 hits, 0 errors, 0 left on base; Hudson Valley 0 - Minnesota (NYP) 0
BOTTOM OF THE 4TH
Minnesota (NYP) Twins batting - Pitching for Hudson Valley Renegades : RHP Adam Householder
Batting: RHB Fhil Mikrakin 0-0: Ground out 6-3 (Groundball, 6, EV 101.2 MPH)
Batting: LHB Hector Olvera 0-0: Foul Ball, location: 2F
0-1: Swinging Strike
0-2: Foul Ball, location: 2F
0-2: Ball
1-2: Strikes out swinging
Batting: RHB Nate Matson 0-0: Ball
1-0: Swinging Strike
1-1: Ball
2-1: Foul Ball, location: 2F
2-2: Foul Ball, location: 2F
2-2: Strikes out looking
Bottom of the 4th over - 0 runs, 0 hits, 0 errors, 0 left on base; Hudson Valley 0 - Minnesota (NYP) 0
TOP OF THE 5TH
Hudson Valley Renegades batting - Pitching for Minnesota (NYP) Twins : LHP Bobby Shaw
Batting: RHB Jon Gonzales 0-0: Foul Ball, location: 2F
0-1: Swinging Strike
0-2: SINGLE (Groundball, 4MD, EV 97.5 MPH)
Batting: RHB Chris Glavin 0-0: Fly out, F4 (Popup, 4, EV 68.1 MPH)
Batting: LHB Dan Hunt 0-0: Ball
1-0: Ball
2-0: Ball
3-0: Base on Balls
Jon Gonzales to second
Batting: RHB Jeremy Whitehurst 0-0: Called Strike
0-1: Reached on error, E3 (Groundball, 34S, EV 91.2 MPH)
Jon Gonzales scores
Dan Hunt to third
Batting: LHB Sean Boenig 0-0: Called Strike
0-1: Ball
1-1: Ball
2-1: Called Strike
2-2: Foul Ball, location: 2F
2-2: Foul Ball, location: 2F
2-2: Foul Ball, location: 2F
2-2: Ground out 4-3 (Groundball, 34D, EV 108.1 MPH)
Dan Hunt scores
Jeremy Whitehurst to third
Batting: SHB Chris Lockart 0-0: Ball
1-0: Foul Ball, location: 2F
1-1: Ball
2-1: Foul Ball, location: 2F
2-2: Ball
3-2: Ground out 6-3 (Groundball, 6, EV 84.4 MPH)
Top of the 5th over - 2 runs, 1 hit, 1 error, 1 left on base; Hudson Valley 2 - Minnesota (NYP) 0
BOTTOM OF THE 5TH
Minnesota (NYP) Twins batting - Pitching for Hudson Valley Renegades : RHP Adam Householder
Batting: LHB Marvin Shepherd 0-0: Called Strike
0-1: Ball
1-1: Ball
2-1: Foul Ball, location: 2F
2-2: Ball
3-2: Base on Balls
Batting: RHB Chris Bejarano 0-0: Ball
Wild Pitch!
Marvin Shepherd to second
1-0: Swinging Strike
1-1: Ball
Wild Pitch!
Marvin Shepherd to third
2-1: Called Strike
2-2: Strikes out looking
Batting: LHB Ben Roth 0-0: Called Strike
0-1: Swinging Strike
0-2: Strikes out looking
Batting: RHB Fernando Bravo 0-0: Ball
1-0: Ball
2-0: Called Strike
2-1: Ball
3-1: DOUBLE (Groundball, 5L, EV 101.9 MPH)
Marvin Shepherd scores
Batting: LHB Jose Hilario 0-0: Foul Ball, location: 2F
0-1: Ball
1-1: Ball
2-1: Ball
3-1: Called Strike
3-2: Base on Balls
Batting: RHB Caleb Bockmann 0-0: Ball
1-0: Foul Ball, location: 2F
1-1: Foul Ball, location: 2F
1-2: Strikes out swinging
Bottom of the 5th over - 1 run, 1 hit, 0 errors, 2 left on base; Hudson Valley 2 - Minnesota (NYP) 1
TOP OF THE 6TH
Hudson Valley Renegades batting - Pitching for Minnesota (NYP) Twins : LHP Bobby Shaw
Batting: RHB Wan-ling Zhu 0-0: Called Strike
0-1: Swinging Strike
0-2: Strikes out swinging
Batting: RHB Alex Koral 0-0: Ball
1-0: Ball
2-0: Ball
3-0: Base on Balls
Batting: RHB Joe Hartigan 0-0: Called Strike
0-1: Swinging Strike
0-2: Foul Ball, location: 2F
0-2: Strikes out looking
Batting: RHB Jon Gonzales 0-0: Fielders Choice at 2nd, 6-4 (Groundball, 56, EV 88.8 MPH)
Top of the 6th over - 0 runs, 0 hits, 0 errors, 1 left on base; Hudson Valley 2 - Minnesota (NYP) 1
BOTTOM OF THE 6TH
Minnesota (NYP) Twins batting - Pitching for Hudson Valley Renegades : RHP Adam Householder
Batting: RHB Fhil Mikrakin 0-0: Foul Ball, location: 2F
0-1: Foul Ball, location: 2F
0-2: Strikes out swinging
Batting: LHB Hector Olvera 0-0: Foul Ball, location: 2F
0-1: Ball
1-1: Called Strike
1-2: Ball
2-2: DOUBLE (Flyball, 8RXD, EV 92.5 MPH)
Batting: RHB Nate Matson 0-0: Ball
Passed Ball!
Hector Olvera to third
1-0: Foul Ball, location: 2F
1-1: Ball
2-1: Ball
3-1: Foul Ball, location: 2F
3-2: Foul Ball, location: 2F
3-2: SINGLE (Groundball, 6MD, EV 98.1 MPH)
Hector Olvera scores
Batting: LHB Marvin Shepherd 0-0: Ball
1-0: Foul Ball, location: 2F
1-1: Fielders Choice at 2nd, 5-4 (Groundball, 56, EV 85.6 MPH)
Batting: RHB Chris Bejarano 0-0: Called Strike
Pickoff Throw to First - Out! 1-3
Bottom of the 6th over - 1 run, 2 hits, 0 errors, 0 left on base; Hudson Valley 2 - Minnesota (NYP) 2
TOP OF THE 7TH
Hudson Valley Renegades batting - Pitching for Minnesota (NYP) Twins : LHP Bobby Shaw
Batting: RHB Chris Glavin 0-0: Called Strike
0-1: Foul Ball, location: 2F
0-2: Ball
1-2: Foul Ball, location: 2F
1-2: TRIPLE (Line Drive, 89XD, EV 102.5 MPH)
Pitching: RHP Takeshi Kusanagi
Batting: LHB Dan Hunt 0-0: Called Strike
0-1: Foul Ball, location: 2F
0-2: Ball
1-2: Strikes out swinging
Batting: RHB Jeremy Whitehurst 0-0: Ball
1-0: Foul Ball, location: 2F
1-1: Swinging Strike
1-2: Foul Ball, location: 2F
1-2: Strikes out swinging
Batting: LHB Sean Boenig 0-0: Ball
1-0: Called Strike
1-1: Ground out 4-3 (Groundball, 4, EV 88.8 MPH)
Top of the 7th over - 0 runs, 1 hit, 0 errors, 1 left on base; Hudson Valley 2 - Minnesota (NYP) 2
BOTTOM OF THE 7TH
Minnesota (NYP) Twins batting - Pitching for Hudson Valley Renegades : RHP Adam Householder
Batting: RHB Chris Bejarano 0-0: Ball
1-0: SINGLE (Line Drive, 9S, EV 88.8 MPH)
Batting: LHB Ben Roth 0-0: Bunted foul
0-1: Ball
1-1: Ball
2-1: Called Strike
Chris Bejarano steals 2nd base
2-2: Strikes out swinging
Pitching: RHP Bobby Valenzuela
Batting: RHB Fernando Bravo 0-0: Ball
1-0: Ground out 5-3 (Groundball, 56, EV 90.0 MPH)
Batting: LHB Jose Hilario 0-0: Called Strike
0-1: Called Strike
0-2: Ball
Wild Pitch!
Chris Bejarano to third
1-2: Strikes out swinging
Bottom of the 7th over - 0 runs, 1 hit, 0 errors, 1 left on base; Hudson Valley 2 - Minnesota (NYP) 2
TOP OF THE 8TH
Hudson Valley Renegades batting - Pitching for Minnesota (NYP) Twins : RHP Takeshi Kusanagi
Batting: SHB Chris Lockart 0-0: Ball
1-0: Ball
2-0: Called Strike
2-1: Called Strike
2-2: Ball
3-2: Ground out 6-3 (Groundball, 6, EV 90.0 MPH)
Pinch Hitting: SHB Joshua Jackson 0-0: Called Strike
0-1: Foul Ball, location: 2F
0-2: SINGLE (Groundball, 6MS, EV 71.2 MPH) (infield hit)
Batting: RHB Alex Koral 0-0: Swinging Strike
0-1: Ball
1-1: Ball
2-1: Ball
3-1: Foul Ball, location: 2F
3-2: Fly out, F8 (Flyball, 78XD, EV 103.8 MPH)
Batting: RHB Joe Hartigan 0-0: Called Strike
0-1: Ball
1-1: Ball
2-1: Fly out, F9 (Line Drive, 89D, EV 90.6 MPH)
Top of the 8th over - 0 runs, 1 hit, 0 errors, 1 left on base; Hudson Valley 2 - Minnesota (NYP) 2
BOTTOM OF THE 8TH
Minnesota (NYP) Twins batting - Pitching for Hudson Valley Renegades : RHP Bobby Valenzuela
Now at SS: Joshua Jackson
Batting: RHB Caleb Bockmann 0-0: Ball
1-0: Ball
2-0: Ball
3-0: Base on Balls
Batting: RHB Fhil Mikrakin 0-0: Called Strike
Caleb Bockmann steals 2nd base
0-1: Ball
1-1: Bunted foul
1-2: Fly out, F9 (Flyball, 89M, EV 83.1 MPH)
Batting: LHB Hector Olvera 0-0: Intentional Walk
Batting: RHB Nate Matson 0-0: Ball
1-0: Ball
2-0: Ball
3-0: Called Strike
3-1: Swinging Strike
3-2: Base on Balls
Caleb Bockmann to third
Hector Olvera to second
Batting: LHB Marvin Shepherd 0-0: Ball
1-0: TRIPLE (Line Drive, 89XD, EV 98.1 MPH)
Caleb Bockmann scores
Hector Olvera scores
Nate Matson scores
Pitching: LHP Ron Fries
Batting: RHB Chris Bejarano 0-0: Swinging Strike
0-1: Ball
1-1: Swinging Strike
1-2: Ground out 4-3 (Groundball, 4, EV 91.2 MPH)
Marvin Shepherd scores
Batting: LHB Ben Roth 0-0: Called Strike
0-1: Fly out, F9 (Flyball, 9D, EV 103.8 MPH)
Bottom of the 8th over - 4 runs, 1 hit, 0 errors, 0 left on base; Hudson Valley 2 - Minnesota (NYP) 6
TOP OF THE 9TH
Hudson Valley Renegades batting - Pitching for Minnesota (NYP) Twins : RHP Takeshi Kusanagi
Batting: RHB Jon Gonzales 0-0: Ball
1-0: Ball
2-0: Ball
3-0: Called Strike
3-1: Fly out, F8 (Flyball, 8LS, EV 88.1 MPH)
Batting: RHB Chris Glavin 0-0: Ground out 6-3 (Groundball, 6S, EV 83.8 MPH)
Batting: LHB Dan Hunt 0-0: Ball
1-0: Ball
2-0: Foul Ball, location: 2F
2-1: Foul Ball, location: 2F
2-2: Foul Ball, location: 2F
2-2: Foul Ball, location: 2F
2-2: Foul Ball, location: 2F
2-2: Ball
3-2: Foul Ball, location: 2F
3-2: Strikes out swinging
Top of the 9th over - 0 runs, 0 hits, 0 errors, 0 left on base; Hudson Valley 2 - Minnesota (NYP) 6
Sunday, July 16th , 2023 - OOTP Baseball 24.6 Build 69